 Dungeon Crawl Stone Soup version 0.24-a0-644-g049a785 (webtiles) character file.

Game seed: 9444136243254667565, levelgen mode: deterministic

148 JeffiDaFish the Conjurer (level 5, -8/42 HPs)
             Began as a Draconian Conjurer on Sept 26, 2019.
             Splashed by Ijyb's acid (18 damage)
             ... on level 3 of the Dungeon.
             The game lasted 00:07:33 (3715 turns).

JeffiDaFish the Conjurer (Draconian Conjurer)       Turns: 3715, Time: 00:07:34

Health: -8/42      AC:  7    Str: 10    XL:     5   Next: 8%
Magic:  0/9        EV: 12    Int: 17    God:
Gold:   119        SH:  2    Dex: 11    Spells: 3/9 levels left

rFire    . . .     SeeInvis .   c - +0 whip
rCold    . . .     Gourm    .   (no shield)
rNeg     . . .     Faith    .   (armour unavailable)
rPois    .         Spirit   .   (helmet restricted)
rElec    .         Reflect  +   h - +0 cloak
rCorr    .         Harm     .   (no gloves)
MR       .....                  f - +0 pair of boots
Stlth    ++........             e - +2 amulet of reflection
HPRegen  0.14/turn              (no ring)
MPRegen  0.11/turn              (no ring)

@: very slightly contaminated
A: unfitting armour, cold-blooded, AC +5
a: no special abilities


You were on level 3 of the Dungeon.
You were not hungry.

You visited 1 branch of the dungeon, and saw 3 of its levels.

You collected 119 gold pieces.

Inventory:

Hand Weapons
 c - a +0 whip (weapon)
Armour
 f - a +0 pair of boots (worn)
 h - a +0 cloak (worn)
Jewellery
 e - a +2 amulet of reflection (around neck)
Wands
 a - a wand of polymorph (5)
Scrolls
 i - a scroll of teleportation
Potions
 g - a potion of flight
Comestibles
 b - 4 rations
 d - 5 chunks of flesh


   Skills:
 + Level 2.3 Fighting
 - Level 1.7 Dodging
 - Level 1.7 Stealth
 + Level 2.9 Spellcasting
 * Level 5.4 Conjurations


You had 3 spell levels left.
You knew the following spells:

 Your Spells              Type           Power        Failure   Level  Hunger
a - Magic Dart            Conj           ###.         1%          1    None
b - Searing Ray           Conj           ###...       3%          2    ##.....
c - Dazzling Spray        Conj/Hex       ##....       17%         3    ###....

Your spell library contained the following spells:

 Spells                   Type           Power        Failure   Level  Hunger
 Iskenderun's Mystic Bla  Conj           ###.....     19%         4    ####...
 Force Lance              Conj/Tloc      ##......     50%         4    ####...
 Fulminant Prism          Conj/Hex       ##........   50%         4    ####...


Dungeon Overview and Level Annotations

Branches:
Dungeon (3/15)

Altars:
Dithmenos
Qazlal

Annotations:
D:3 Ijyb


Innate Abilities, Weirdness & Mutations

Your plain brown scales are hard. (AC +5)
You cannot fit into any form of body armour.
You are cold-blooded and may be slowed by cold attacks.


Message History

Casting: Dazzling Spray (safe; 17% risk of failure)
Confirm with . or Enter, or press ? or * to list all spells.
Aiming: Dazzling Spray (safe; 17% risk of failure)
Press: ? - help, Shift-Dir - straight line, f/p - Ijyb
Aim: Ijyb, wielding a +1 dagger of electrocution, wearing a +0 leather armour and carrying a wand of acid (5)
You miscast Dazzling Spray.
You are very lightly contaminated with residual magic.
Your hands glow momentarily.
Ijyb drinks a potion.
Ijyb suddenly seems more agile.
Casting: Dazzling Spray (safe; 17% risk of failure)
Confirm with . or Enter, or press ? or * to list all spells.
Aiming: Dazzling Spray (safe; 17% risk of failure)
Press: ? - help, Shift-Dir - straight line, f/p - Ijyb
Aim: Ijyb, wielding a +1 dagger of electrocution, wearing a +0 leather armour and carrying a wand of acid (5) (unusually agile)
You miscast Dazzling Spray.
Strange energies run through your body.
You barely miss Ijyb. Ijyb hits you but does no damage.
You are electrocuted!
Ijyb zaps a wand.
The bolt of acid hits you!!
* * * LOW HITPOINT WARNING * * *
You are splashed with acid!!
You die...

##### #. ...## #.. ...# #.###
#g.# ########## #...# #@.#
#...^..... #.#.######..#
#.######## #.#.#.....>.######.# #
#######..[............[..########
..........#.####..###.##.......##
#.#####.#.#.# #).# #.##.#####.##
##.####.#.#.# #..# #.##.####.#.#
............####..###.##.....###(
##.####...........#g....#####.#.#


You could see Ijyb.

Vanquished Creatures
  A gnoll shaman (D:2)
  3 gnolls (D:3)
  4 adders
  An ufetubus (D:3)
  A worm (D:2)
  A dart slug (D:1)
  An orc (D:3)
  4 bats
  4 giant cockroaches
  5 goblins
  6 hobgoblins
  6 jackals (D:2)
  2 quokkas (D:2)
  2 frilled lizards (D:2)
  2 kobolds (D:1)
  3 rats
46 creatures vanquished.

Notes
Turn   | Place    | Note
-------+----------+-------------------------------------------
     0 | D:1      | JeffiDaFish the Draconian Conjurer began the quest for the
                  | Orb.
     0 | D:1      | Reached XP level 1. HP: 14/14 MP: 3/3
   471 | D:1      | Reached XP level 2. HP: 22/22 MP: 0/5
  1043 | D:2      | Learned a level 2 spell: Searing Ray
  1049 | D:2      | Reached skill level 1 in Fighting
  1280 | D:2      | Reached XP level 3. HP: 26/28 MP: 1/6
  1707 | D:1      | Learned a level 3 spell: Dazzling Spray
  2083 | D:2      | Found a stormy altar of Qazlal.
  2325 | D:3      | Noticed Grinder
  2325 | D:3      | Paralysed by Grinder for 3 turns
  2633 | D:3      | Noticed Grinder
  2633 | D:3      | Grinder changed into Grinder the quasit
  2634 | D:3      | Noticed Grinder
  2634 | D:3      | Grinder the quasit changed into Grinder the ufetubus
  2642 | D:3      | Killed Grinder the ufetubus
  2833 | D:3      | Found a shadowy altar of Dithmenos.
  2907 | D:3      | Reached skill level 5 in Conjurations
  2907 | D:3      | Reached XP level 4. HP: 36/36 MP: 2/7
  3503 | D:3      | Reached XP level 5. HP: 41/41 MP: 5/9
  3711 | D:3      | Noticed Ijyb
  3715 | D:3      | Splashed by Ijyb's acid

Levels and vault maps discovered:
D:1:      dpeg_arrival_chambers_temple_mockup, layout_loops_ring, fountainhead
D:2:      layout_loops_ring, grunt_qazlal_sundering
D:3:      layout_loops_ring, nicolae_overflow_crystal_walls, uniq_grinder,
          uniq_ijyb

Skill      XL: |  1  2  3  4 |
---------------+-------------+-----
Fighting       | 1 2 |  2.3
Conjurations   | 5 |  5.4
Dodging        | |  1.7
Stealth        | |  1.7
Spellcasting   | |  2.9

Action                   |  1- 3 |  4- 6 || total
-------------------------+-------+-------++-------
Melee: Unarmed           |    11 |       ||    11
       Whip              |    88 |    17 ||   105
       Tailslap          |     4 |     1 ||     5
 Cast: Magic Dart        |    64 |    24 ||    88
       Searing Ray       |     5 |       ||     5
       Dazzling Spray    |       |     2 ||     2
Evoke: Wand              |     3 |       ||     3
  Use: Scroll            |     4 |     3 ||     7
       Potion            |     3 |     1 ||     4
  Eat: Chunk             |     4 |     3 ||     7
       Ration            |     1 |       ||     1
Armor: Skin              |    50 |     2 ||    52
Dodge: Dodged            |   108 |    14 ||   122
Block: Other             |     4 |       ||     4

Table legend:
 A = Non-vault XP
 B = Vault XP
 C = Vault XP percentage of total XP
 D = Non-vault monster count
 E = Vault monster count
 F = Vault count percentage of total count
                 A         B        C        D         E       F
            +---------+---------+-------+---------+---------+-------
      Total |     204 |       8 |   3.8 |      45 |       1 |   2.2
            +---------+---------+-------+---------+---------+-------
        D:1 |      12 |       0 |   0.0 |       6 |       0 |   0.0
        D:2 |      99 |       0 |   0.0 |      27 |       0 |   0.0
        D:3 |      93 |       8 |   7.9 |      12 |       1 |   7.7
            +---------+---------+-------+---------+---------+-------
